 Dungeon Crawl Stone Soup version 0.28.0-47-ge53b351184 (webtiles) character file.

Game seed: 10217960117825301956

20 pkoi the Insei (level 2, -2/24 HPs)
             Began as a Demigod Warper on May 2, 2022.
             Slain by a worm (9 damage)
             ... on level 2 of the Dungeon.
             The game lasted 00:01:26 (1838 turns).

pkoi the Insei (Demigod Warper)                     Turns: 1838, Time: 00:01:26

Health: -2/24      AC:  3    Str: 12    XL:     2   Next: 42%
Magic:  7/7        EV: 11    Int: 15    God:
Gold:   63         SH:  0    Dex: 13    Spells: 2/4 levels left

rFire   . . .      SeeInvis .     - Unarmed
rCold   . . .      Faith    .   (no shield)
rNeg    . . .      Spirit   .   a - +0 leather armour
rPois   .          Reflect  .   (no helmet)
rElec   .          Harm     .   (no cloak)
rCorr   .          Rampage  .   (no gloves)
Will    .....                   (no boots)
Stlth   +.........              (no amulet)
HPRegen 0.08/turn               (no ring)
MPRegen 0.10/turn               (no ring)

@: no status effects
A: high MP 1, forlorn, divine attributes
a: no special abilities


You were on level 2 of the Dungeon.
You visited 1 branch of the dungeon, and saw 2 of its levels.

You collected 63 gold pieces.

Inventory:

Hand Weapons
 g - a +0 whip
 j - a +0 dagger
Missiles
 c - 5 boomerangs of dispersal (quivered)
 d - 108 stones
Armour
 a - a +0 leather armour (worn)
Scrolls
 b - a scroll of blinking
Potions
 e - a potion of attraction {unknown}
 f - 2 potions of curing {unknown}
 h - a potion of heal wounds


   Skills:
 + Level 1.9 Fighting
 - Level 0.8 Throwing
 - Level 0.8 Armour
 - Level 1.7 Dodging
 * Level 2.8 Unarmed Combat
 + Level 1.7 Spellcasting
 + Level 2.6 Translocations


You had 2 spell levels left.
You knew the following spells:

 Your Spells              Type           Power      Damage    Failure   Level
a - Blink                 Tloc           18%        N/A       14%         2

Your spell library contained the following spells:

 Spells                   Type           Power      Damage    Failure   Level
 Gell's Gravitas          Tloc           9%         N/A       28%         3
 Lesser Beckoning         Tloc           9%         N/A       28%         3
 Teleport Other           Tloc           9%         N/A       28%         3
 Manifold Assault         Tloc           9%         N/A       95%         5


Dungeon Overview and Level Annotations

Branches:
Dungeon (2/15)

Shops:
D:2 *


Innate Abilities, Weirdness & Mutations

You have an increased reservoir of magic. (+10% MP)
You shall have no god before yourself.
Your divine heritage dramatically boosts your attributes as you level up.


Message History

You finish memorising.
Spell assigned to 'a'.
Unknown command.
There is an open door here.
d - 91 stones (gained 24)
d - 108 stones (gained 17)
You now have 63 gold pieces (gained 12).
You open the door.
There is an open door here.
A worm comes into view.
A worm is nearby!
A worm is nearby!
You hit the worm.
The worm is moderately wounded.
You hit the worm. Your punch misses the worm.
The worm is moderately wounded.
The worm closely misses you.
You hit the worm.
The worm is heavily wounded.
The worm bites you.
You hit the worm.
The worm is severely wounded.
You hit the worm.
The worm is severely wounded.
The worm bites you!
* * * LOW HITPOINT WARNING * * *
You barely miss the worm.
The worm is severely wounded.
You barely miss the worm.
The worm is severely wounded.
The worm barely misses you.
You hit the worm.
The worm is almost dead.
You barely miss the worm.
The worm is almost dead.
The worm bites you.
* * * LOW HITPOINT WARNING * * *
You hit the worm.
The worm is almost dead.
The worm bites you!
You die...

.## ..#
####.#
..... #...#
#...##
#..w.#
#..@.##
####..#
##.## #..#
##.# #.##
#..#
###'##+####
#.........#


You could see a worm.

Vanquished Creatures
  A dart slug (D:1)
  3 endoplasms
  A giant cockroach (D:1)
  A goblin (D:1)
  A hobgoblin (D:1)
  3 quokkas
  2 bats (D:1)
  A frilled lizard (D:1)
  2 kobolds
  2 rats
17 creatures vanquished.

Notes
Turn   | Place    | Note
-------+----------+-------------------------------------------
     0 | D:1      | pkoi the Demigod Warper began the quest for the Orb.
     0 | D:1      | Reached XP level 1. HP: 17/17 MP: 5/5
  1046 | D:1      | Reached XP level 2. HP: 24/24 MP: 7/7
  1557 | D:2      | Found Pejed's General Store.
  1786 | D:2      | Learned a level 2 spell: Blink
  1838 | D:2      | Slain by a worm

Illustrated notes

Levels and vault maps discovered:
D:1:      dpeg_arrival_simpleton_a, layout_loops_ring, basic_ecumenical_altar,
          minmay_misc_feat_alley, minmay_domino_2
D:2:      layout_basic, serial_shops, shop

Skill      XL: |  1 |
---------------+----+-----
Unarmed Combat | 2 |  2.8
Fighting       | |  1.9
Throwing       | |  0.8
Armour         | |  0.8
Dodging        | |  1.7
Spellcasting   | |  1.7
Translocations | |  2.6

Action                   || total
-------------------------++-------
Melee: Unarmed           ||    86
  Use: Scroll            ||     3
       Potion            ||     1
Armor: Leather armour    ||    16
Dodge: Dodged            ||    44
